 Dungeon Crawl Stone Soup version 0.30-a0-782-ge64f9170bb (webtiles) character file.

Game seed: 11158358193669657766

46 mopl the Ducker (level 3, 0/28 HPs)
             Began as a Merfolk Warper on Mar 6, 2023.
             Slain by Terence
             ... wielding a +0 hand axe
              (1 damage)
             ... on level 2 of the Dungeon.
             The game lasted 00:02:46 (1266 turns).

mopl the Ducker (Merfolk Warper)                    Turns: 1266, Time: 00:02:46

Health: 0/28       AC:  3    Str: 13    XL:     3   Next: 66%
Magic:  6/6        EV: 12    Int: 12    God:
Gold:   120        SH:  0    Dex: 13    Spells: 4/6 levels left

rFire   . . .      SeeInvis .    b - +2 short sword (speed)
rCold   . . .      Faith    .    (no shield)
rNeg    . . .      Spirit   .    k - +0 leather armour
rPois   .          Reflect  .    (no helmet)
rElec   .          Harm     .    (no cloak)
rCorr   .          Rampage  .    (no gloves)
Will    .....                    (no boots)
Stlth   +                        (no amulet)
HPRegen 0.24/turn                j - ring of wizardry
MPRegen 0.10/turn                (no ring)

@: no status effects
A: (nimble swimmer 2), mertail
a: no special abilities


You were on level 2 of the Dungeon.
You visited 1 branch of the dungeon, and saw 2 of its levels.

You collected 120 gold pieces.

Inventory:

Hand Weapons
 a - a +0 falchion
 b - a +2 short sword of speed (weapon)
Missiles
 d - 7 boomerangs of dispersal
Armour
 k - a +0 leather armour (worn)
Jewellery
 h - a ring of ice
 j - a ring of wizardry (left hand)
Scrolls
 c - a scroll of blinking
 i - a scroll of amnesia {unknown}
 m - a scroll of enchant weapon {unknown}
Potions
 e - a potion of attraction
 g - a potion of brilliance
 l - a potion of haste
 n - 2 potions of curing {unknown}


   Skills:
 + Level 2.5 Fighting
 * Level 3.1 Long Blades
 + Level 1.4 Throwing
 + Level 1.1 Armour
 + Level 3.1 Dodging
 + Level 2.1 Spellcasting
 + Level 2.6 Translocations


You had 4 spell levels left.
You knew the following spells:

 Your Spells              Type           Power      Damage    Failure   Level
e - Blink                 Tloc           14%        N/A       7%          2

Your spell library contained the following spells:

 Spells                   Type           Power      Damage    Failure   Level
 Lesser Beckoning         Tloc           14%        N/A       7%          2
 Momentum Strike          Conj/Tloc      8%         3d8       12%         2
 Gell's Gravitas          Tloc           7%         N/A       14%         3
 Teleport Other           Tloc           7%         N/A       14%         3
 Vhi's Electric Charge    Tloc/Air       8%         N/A       24%         3
 Inner Flame              Hex/Fire       1%         N/A       38%         3
 Manifold Assault         Tloc           7%         N/A       41%         4
 Cause Fear               Hex            0%         N/A       77%         4
 Discord                  Hex            0%         N/A       100%        8


Dungeon Overview and Level Annotations

Branches:
Dungeon (2/15)

Altars:

Shops:
D:1 [

Annotations:
D:2 Terence


Innate Abilities, Weirdness & Mutations

((You are very nimble when in or above water. (Stealth+, EV+, Speed+++)))
Your lower body shifts to a powerful aquatic tail in water.


Message History

Terence is heavily wounded.
You hit Terence.
Terence is heavily wounded.
Terence barely misses you.
You barely miss Terence. You punch Terence, but do no damage.
Terence is heavily wounded.
You hit Terence but do no damage.
Terence is heavily wounded.
Terence closely misses you.
You hit Terence.
Terence is severely wounded.
You hit Terence but do no damage. Your punch misses Terence.
Terence is severely wounded.
Terence hits you with a +0 hand axe!
* * * LOW HITPOINT WARNING * * *
You closely miss Terence.
Terence is severely wounded.
You hit Terence but do no damage.
Terence is severely wounded.
Terence hits you but does no damage.
You hit Terence but do no damage.
Terence is severely wounded.
You barely miss Terence.
Terence is severely wounded.
Terence closely misses you.
You hit Terence.
Terence is almost dead.
Terence closely misses you.
You hit Terence but do no damage.
Terence is almost dead.
You hit Terence but do no damage.
Terence is almost dead.
Terence hits you with a +0 hand axe.
* * * LOW HITPOINT WARNING * * *
You closely miss Terence.
Terence is almost dead.
You hit Terence but do no damage.
Terence is almost dead.
Terence hits you with a +0 hand axe.
You die...

## .# ## ## . ### .#
#############.#####.####
........................
..........# #...........
.###.##...###........?..
.##.............@@......
.##..##...##............
.##.....................
.##..##.>.##############
.##..##...####
.##..##......#
.##..####.####
..........##
.##........#


You could see Terence.

Vanquished Creatures
  An adder (D:1)
  2 worms (D:2)
  A dart slug (D:2)
  4 ball pythons
  A bat (D:1)
  2 endoplasms
  A giant cockroach (D:1)
  3 goblins
  2 hobgoblins
  6 kobolds
  A quokka (D:1)
  2 frilled lizards (D:1)
  4 rats (D:1)
30 creatures vanquished.

Notes
Turn   | Place    | Note
-------+----------+-------------------------------------------
     0 | D:1      | mopl the Merfolk Warper began the quest for the Orb.
     0 | D:1      | Reached XP level 1. HP: 16/16 MP: 3/3
   141 | D:1      | Reached XP level 2. HP: 19/22 MP: 5/5
   194 | D:1      | Learned a level 2 spell: Blink
   234 | D:1      | Reached skill level 3 in Dodging
   508 | D:1      | Found Weptib's Antique Armour Emporium.
   819 | D:1      | Reached skill level 3 in Long Blades
   819 | D:1      | Reached XP level 3. HP: 28/28 MP: 6/6
   879 | D:2      | Reached skill level 1 in Armour
   914 | D:2      | Found a faded altar of an unknown god.
  1238 | D:2      | Noticed Terence
  1264 | D:2      | HP: 1/28 [Terence/+0 hand axe (5)]
  1266 | D:2      | Slain by Terence

Illustrated notes

Levels and vault maps discovered:
D:1:      giann_forest_graveyard, layout_loops_ring, serial_shops,
          nicolae_shop_hallway_plus, serial_park_tiny_pond
D:2:      layout_basic, nicolae_ecumenical_pavilion, grunt_ministairs_15,
          uniq_sigmund, uniq_crazy_yiuf_cottage, uniq_terence

Skill      XL: |  1  2  3 |
---------------+----------+-----
Dodging        | 3 |  3.1
Long Blades    | 3 |  3.1
Armour         | 1 |  1.1
Fighting       | |  2.5
Throwing       | |  1.4
Spellcasting   | |  2.1
Translocations | |  2.6

Action                     || total
---------------------------++-------
  Melee: Falchion          ||    65
         Short sword       ||    53
         Punch             ||     1
   Cast: Blink             ||     1
    Use: Scroll            ||     3
         Potion            ||     1
 Armour: Leather armour    ||    16
  Dodge: Dodged            ||    64

Table legend: (Time is in decaauts)
 A = Elapsed time spent in this place.
 B = Non-inter-level travel time spent in this place.
 C = Inter-level travel time spent in this place.
 D = Time resting spent in this place.
 E = Time spent auto-exploring this place.
 F = Levels seen in this place.
 G = Mean time per level.
                   A        B        C        D        E       F      G
               +--------+--------+--------+--------+--------+-----+--------+
         Total |   1253 |   1229 |     24 |    232 |    733 |   2 |  626.5 |
       Dungeon |   1253 |   1229 |     24 |    232 |    733 |   2 |  626.5 |
               +--------+--------+--------+--------+--------+-----+--------+

Top non-repeatable levels by time:
     D:1: 801 daAuts
     D:2: 452 daAuts
